 Dungeon Sprint DCSS version 0.32-a0-329-ge6c31236d6 (webtiles) character file.

Game seed: 4638308005943767842

25138622 Prakerore the Dwarven Barricade (level 18, 260/260 HPs)
             Began as a Mountain Dwarf Fighter on Feb 17, 2024.
             Was a High Priest of Okawaru.
             Escaped with the Orb
             ... and 9 runes!
             The game lasted 01:58:48 (20695 turns).

Prakerore the Dwarven Barricade (MDFi)             Turns: 20695, Time: 01:58:48

Health: 260/260    AC: 39    Str: 20    XL:     18   Next: 73%
Magic:  9/9        EV: 30    Int: 11    God:    Okawaru [*****.]
Gold:   1678       SH: 32    Dex: 22    Spells: 12/17 levels left

rFire   + + .        b - +5 demon whip "Spellbinder" {antimagic, disrupt, Will+}
rCold   + + +        g - +5 tower shield {rN+}
rNeg    + + +        o - melded +5 chain mail of Duty {rN++ Will+ Stlth+}
rPois   ∞            S - +2 hat of the Bear Spirit {Spirit, Bear, *Rage Will++}
rElec   +            z - scarf {rC+ rF+}
rCorr   +            (gloves currently unavailable)
SInv    +            q - melded +2 pair of boots {rampage}
Will    ++++.        D - amulet "Hetiur" {Faith rC++ Str-3 Dex+5}
Stlth   +            T - ring "Bapog" {rN++ rCorr Str-2 Dex+6 Slay+6}
HPRegen 0.63/turn    k - ring of Umoeg {rPois rF+ rCorr Dex+2 SInv}
MPRegen 0.11/turn

%: no teleportation, random rage (20%), guardian spirit, faith
@: statue-form, hasted, studying 2 skills
A: slow and powerful, torment resistance 1, boosted hp, runic magic, artefact
enchanting, (iridescent scales 2), deterioration 1, low MP 1, (shaggy fur 1),
evolution 1, subdued magic 1
0: Orb of Zot
}: 9/10 runes: decaying, barnacled, slimy, silver, golden, iron, obsidian, icy,
bone
a: Begin Untransformation, Renounce Religion, Heroism, Finesse


You escaped.
You worshipped Okawaru.
Okawaru was extremely pleased with you.
You were a living statue of rough stone.
You visited 1 branch You collected 7482 gold pieces.
You spent 5804 gold pieces at shops.

Inventory:

Hand Weapons
 a - a +9 sacred scourge of holy wrath
 b - the +5 demon whip "Spellbinder" (weapon) {antimagic, disrupt, Will+}
   (You took it off a centaur warrior in the Dungeon)

   Will+:     It increases your willpower.
 t - a +4 broad axe of flaming
Missiles
 r - 19 silver javelins (quivered)
 w - 21 atropa-tipped darts
 x - 30 darts of dispersal
 A - 10 datura-tipped darts
 G - 13 boomerangs
 Q - 8 javelins
 Y - 8 curare-tipped darts
Armour
 g - a +5 tower shield of positive energy (worn)
 o - the +5 chain mail of Duty (melded) {rN++ Will+ Stlth+}
   (You bought it in a shop in the Dungeon)

   rN++:      It greatly protects you from negative energy.
   Will+:     It increases your willpower.
   Stlth+:    It makes you more stealthy.
 q - a +2 pair of boots of rampaging (melded)
 z - a scarf of resistance (worn)
 H - a +0 tower shield of reflection
 K - +3 fire dragon scales {Xtahua}
 R - the +3 plate armour "Xutunit" {+Blink +Inv Regen+ Int-5}
   (You bought it in a shop in the Dungeon)

   Int-5:     It affects your intelligence (-5).
   +Inv:      It lets you turn invisible.
   +Blink:    It lets you blink.
   Regen+:    It increases your rate of health regeneration.
 S - the +2 hat of the Bear Spirit (worn) {Spirit, Bear, *Rage Will++}
   (You bought it in a shop in the Dungeon)

   Bear:      Going berserk makes the wearer exceptionally tough, and they are
   slowed for a shorter time afterward.
   Will++:    It greatly increases your willpower.
   *Rage:     It berserks you when you make melee attacks (+20% chance).
 U - a +0 pair of gloves
 Z - a +1 tower shield of reflection
Magical Staves
 W - a staff of fire
Jewellery
 f - a ring of flight
 k - the ring of Umoeg (right fist) {rPois rF+ rCorr Dex+2 SInv}
   (You acquired it in the Dungeon)

   [ring of see invisible]

   Dex+2:     It affects your dexterity (+2).
   rF+:       It protects you from fire.
   rPois:     It protects you from poison SInv: It lets you see invisible.
   rCorr:     It protects you from acid and corrosion.
 m - a ring of protection from fire
 y - the ring of Hedonism {*Corrode rPois EV+5 Int+10 Dex-3}
   (You took it off a vault guard in the Dungeon)

   [ring of evasion]

   EV+5:      It affects your evasion (+5).
   Int+10:    It affects your intelligence (+10).
   Dex-3:     It affects your dexterity (-3).
   rPois:     It protects you from poison *Corrode: It may corrode you when you
   take damage.
 D - the amulet "Hetiur" (around neck) {Faith rC++ Str-3 Dex+5}
   (You acquired it in the Dungeon)

   [amulet of faith]

   Faith:     It allows you to gain divine favour quickly.
   Str-3:     It affects your strength (-3).
   Dex+5:     It affects your dexterity (+5).
   rC++:      It greatly protects you from cold.
 T - the ring "Bapog" (left fist) {rN++ rCorr Str-2 Dex+6 Slay+6}
   (You found it in the Dungeon)

   [ring of dexterity]

   Str-2:     It affects your strength (-2).
   Dex+6:     It affects your dexterity (+6).
   Slay+6:    It affects your accuracy & damage with ranged weapons and melee
   (+6).
   rN++:      It greatly protects you from negative energy.
   rCorr:     It protects you from acid and corrosion.
Talismans
 V - a granite talisman (active)
Wands
 u - a wand of iceblast (5)
 v - a wand of acid (5)
 B - a wand of polymorph (3)
 L - a wand of digging (10)
 O - a wand of paralysis (6)
Scrolls
 j - a scroll of blinking
 J - a scroll of vulnerability
 M - a scroll of fog
 X - 10 scrolls of identify
Potions
 c - 2 potions of attraction
 d - 6 potions of curing
 e - 3 potions of mutation
 h - a potion of magic
 l - a potion of brilliance
 n - 3 potions of enlightenment
 C - 6 potions of lignification
 E - 5 potions of resistance
 I - 4 potions of haste
 N - 10 potions of heal wounds
 P - a potion of degeneration
Miscellaneous
 i - a lightning rod (4/4)
 p - a phial of floods
 s - a tin of tremorstones (2/2)


   Skills:
 O Level 27 Fighting
 - Level 21.2 Maces & Flails
 - Level 12.0 Ranged Weapons
 - Level 16.0 Throwing
 - Level 14.9 Armour
 - Level 21.2 Dodging
 O Level 27 Shields
 - Level 5.0 Translocations
 - Level 21.0 Invocations
 O Level 27 Evocations
 + Level 24.7 Shapeshifting


You had 12 spell levels left.
You knew the following spells:

 Your Spells              Type           Power      Damage    Failure   Level
a - Apportation           Tloc           16%        N/A       3%          1
b - Blink                 Tloc           16%        N/A       5%          2
c - Lesser Beckoning      Tloc           16%        N/A       5%          2

Your spell library contained the following spells:

 Spells                   Type           Power      Damage    Failure   Level
 Gell's Gravitas          Tloc           8%         N/A       12%         3
 Teleport Other           Tloc           8%         N/A       12%         3
 Momentum Strike          Conj/Tloc      8%         3d8       16%         2
 Freeze                   Ice            0%         1d3       30%         1
 Kiss of Death            Conj/Necr      0%         2d5       30%         1
 Magic Dart               Conj           0%         1d3       30%         1
 Necrotise                Necr           0%         1d4       30%         1
 Shock                    Conj/Air       0%         1d3       30%         1
 Sting                    Conj/Alch      0%         1d3       30%         1
 Passage of Golubria      Tloc           8%         N/A       36%         4
 Ensorcelled Hibernation  Hex/Ice        0%         N/A       43%         2
 Confusing Touch          Hex            0%         N/A       67%         3
 Frozen Ramparts          Ice            0%         1d1       67%         3
 Inner Flame              Hex/Fire       0%         N/A       67%         3
 Passwall                 Erth           0%         N/A       67%         3
 Swiftness                Air            0%         N/A       67%         3
 Iskenderun's Mystic Bla  Conj/Tloc      4%         2d3       73%         4
 Vhi's Electric Charge    Tloc/Air       8%         N/A       73%         4
 Dispel Undead            Necr           0%         3d6       97%         4
 Flame Wave               Conj/Fire      0%         2d4       97%         4
 Ignite Poison            Fire/Alch      0%         N/A       97%         4
 Sticky Flame             Fire/Alch      0%         2d4       97%         4
 Arcjolt                  Conj/Air       0%         1d10      100%        5
 Fireball                 Conj/Fire      0%         3d3       100%        5
 Irradiate                Conj/Alch      0%         3d11      100%        5
 Iskenderun's Battlesphe  Conj           0%         2d6       100%        5
 Lee's Rapid Deconstruct  Erth           0%         3d4*      100%        5
 Yara's Violent Unravell  Hex/Alch       0%         3d3       100%        5
 Bombard                  Conj/Erth      0%         9d1       100%        6
 Dispersal                Tloc           4%         N/A       100%        6
 Eringya's Noxious Bog    Alch           0%         4d6       100%        6
 Ignition                 Fire           0%         3d3       100%        8
 Maxwell's Capacitive Co  Air            0%         ∞         100%        8
 Summon Small Mammal      Summ           Unusable   N/A       N/A         1
 Call Imp                 Summ           Unusable   N/A       N/A         2
 Summon Ice Beast         Ice/Summ       Unusable   N/A       N/A         3
 Tukima's Dance           Hex            Unusable   N/A       N/A         3
 Animate Armour           Summ/Erth      Unusable   N/A       N/A         4
 Summon Blazeheart Golem  Fire/Summ      Unusable   N/A       N/A         4
 Summon Lightning Spire   Summ/Air       Unusable   N/A       N/A         4
 Sculpt Simulacrum        Ice/Alch       Unusable   N/A       N/A         6
 Haunt                    Necr/Summ      Unusable   N/A       N/A         7

Dungeon Overview and Level Annotations

Branches:
Dungeon (1/1)

Altars:
Cheibriados
Dithmenos
Elyvilon
Fedhas
Gozag
Hepliaklqana
Kikubaaqudgha
Makhleb
Nemelex Xobeh
Okawaru
Qazlal
Ru
Sif Muna
Trog
Uskayaw
Vehumet
Wu Jian
Xom
Yredelemnul
Zin
The Shining One
Beogh
Jiyva
Lugonu

Shops:
D :?(:([![[!![?([*!:=*?([

Annotations:
D exclusion: 2 doors


Innate Abilities, Weirdness & Mutations

You are a living statue of rough stone.
Your actions are slow, but your melee attacks are powerful.
You are resistant to unholy torment.
Your maximum health is greatly increased.
Your equipment is partially melded.
You are immune to poison.
Your spellcasting is much less encumbered by armour.
You can use scrolls of enchantment on lesser artefacts.
((You are mostly covered in iridescent scales. (AC +4)))
Your body sometimes deteriorates upon taking damage.
Your magical capacity is low. (-10% MP)
((You are covered in fur. (AC +1)))
You have hidden genetic potential.
Your spells are a little easier to cast, but a little less powerful.


Message History

Items here: ))))))))) [[ ÷÷÷÷÷.
Things that are here:
a +0 chain mail; a +0 flail
Items here: )))) [[ ÷÷.
There is an open door, spattered with blood here.
Items here: )))) [ ÷÷÷.
Things that are here:
a +0 ring mail; a +0 whip You feel yourself slow down.
Things that are here:
a +0 scimitar; an orc skeleton
There is an open door here.
There is a fountain of clear blue water here.
There is an open door to the Ecumenical Temple here.
A green death comes into view.
You feel yourself speed up.
The green death roars!
The green death gestures at you. The poison arrow misses you.
The green death gestures at you. You block the poison arrow.
You see here a rat skeleton.
You block the green death's attack.
You thrash the green death!!
The green death's magic leaks into the air.
The green death is caught in an explosion of ice and frost.
The green death is moderately wounded.
You closely miss the green death.
The green death is moderately wounded.
You block the green death's attack.
You thrash the green death!!
The green death's magic leaks into the air.
The green death is severely wounded.
You punish the green death, causing immense pain!!!
You kill the green death!
Okawaru accepts your kill.
No target in view!
You see here a rat skeleton.
There is a staircase leading out of the dungeon here.
You have escaped!

▓▓▓▓▓▓▓▓▓ ▓▓
▓I..#(..#### ##.
▓...#......#####..
▓..##...÷...#..#..
▓##.##.##...#..#..
##.##.###..##'#..
▓#.####.##÷.###.÷.
▓.###..##..####...
▓#.....##..###....
###÷.##...##.....


There were no monsters in sight!

Vanquished Creatures
  Antaeus (D)
  the Royal Jelly (D)
  Ereshkigal (D)
  Gloorx Vloq (D)
  the Serpent of Hell (D)
  Tiamat (D)
  Dispater (D)
  An orb of fire (D)
  Mennas (D)
  An ancient lich (D)
  A pandemonium lord (D)
  Mara (D)
  Xtahua (D)
  6 royal mummies (D)
  A Killer Klown (D)
  Sojobo (D)
  Boris (D)
  A golden dragon (D)
  Nikola (D)
  Geryon (D)
  An electric golem (D)
  An iron giant (D)
  A Brimstone Fiend (D)
  Rupert (D)
  3 deep elf blademasters (D)
  2 liches (D)
  5 Ice Fiends (D)
  3 Hell Sentinels (D)
  3 Orb Guardians (D)
  A titan (D)
  A deep elf master archer (D)
  2 sphinxes (D)
  Gastronok (D)
  5 acid blobs (D)
  An Executioner (D)
  A kraken (D)
  Chuck (D)
  A storm dragon (D)
  Dowan (D)
  4 shadow dragons (D)
  Roxanne (D)
  2 rockslimes (D)
  12 azure jellies (D)
  An iron dragon (D)
  4 frost giants (D)
  A fire giant (D)
  3 ghost moths (D)
  2 draconian scorchers (D)
  4 draconian stormcallers (D)
  4 quicksilver oozes (D)
  3 stone giants (D)
  2 dire elephants (D)
  Nessos (D)
  A deep elf death mage (D)
  2 vampire knights (D)
  2 deep elf annihilators (D)
  A deep elf demonologist (D)
  4 war gargoyles (D)
  Azrael (D)
  A yellow draconian (D)
  10 mummy priests (D)
  A green death (D)
  2 iron golems (D)
  3 fire dragons (D)
  A deep elf high priest (D)
  4 yaktaur captains (D)
  19 vault guards (D)
  Erolcha (D)
  3 hydras (D)
  2 centaur warriors (D)
  2 hell beasts (D)
  2 alligator snapping turtles (D)
  An ogre mage (D)
  4 dancing weapons (D)
  4 death yaks (D)
  2 iron elementals (D)
  Urug (D)
  A titan zombie (D)
  3 orc high priests (D)
  2 soul eaters (D)
  2 sun demons (D)
  2 deep elf knights (D)
  4 hell knights (D)
  A shadow wraith (D)
  6 skeletal warriors (D)
  A spriggan druid (D)
  A glowing orange brain (D)
  An anaconda zombie (D)
  A mana viper (shapeshifter) (D)
  A lindwurm (D)
  An obsidian statue (D)
  A sea snake (shapeshifter) (D)
  3 kraken simulacra (D)
  2 orange crystal statues (D)
  A necromancer (D)
  A steelbarb worm (shapeshifter) (D)
  An orc knight (D)
  5 shining eyes (D)
  4 deep elf pyromancers (D)
  2 deep elf zephyrmancers (D)
  4 crystal guardians (D)
  4 ugly things (D)
  2 oklob plants (D)
  An orc sorcerer (D)
  2 elephants (D)
  A stone giant skeleton (D)
  A moth of wrath (D)
  3 iron troll simulacra (D)
  8 statues (D)
  3 rust devils (D)
  A molten gargoyle (D)
  2 black mambas (D)
  2 cane toads (D)
  A rime drake (D)
  6 hellions (D)
  A komodo dragon (D)
  2 anaconda simulacra (D)
  29 guardian mummies (D)
  2 ice devils (D)
  13 yaktaurs (D)
  A troll (shapeshifter) (D)
  A queen bee (D)
  4 spriggan defenders (D)
  A tarantella (shapeshifter) (D)
  3 hornets (D)
  2 tyrant leeches (D)
  4 glass eyes (D)
  8 blink frogs (D)
  4 snapping turtles (D)
  11 slime creatures (D)
  2 spriggans (D)
  13 shadows (D)
  A golden eye (D)
  5 redbacks (D)
  A hydra simulacrum (D)
  3 wandering mushrooms (D)
  2 hell hounds (D)
  5 orc warriors (D)
  A swamp drake (D)
  2 black mamba simulacra (D)
  5 two-headed ogres (D)
  A weeping skull (D)
  A water elemental (D)
  A burial acolyte (D)
  A wight (D)
  32 killer bees (D)
  5 electric eels (D)
  12 quasits (D)
  6 orc priests (D)
  A jelly (D)
  3 orc wizards (D)
  A wolf simulacrum (D)
  3 humans (D)
  A kobold demonologist (D)
  A phantom (D)
  4 orcs (D)
  4 rats (D)
  6 butterflies (D)
  7 tentacles (D)
482 creatures vanquished.

Vanquished Creatures (others)
  A deep elf blademaster (D)
  A statue (D)
  A death drake (D)
  Duvessa (D)
  5 ball lightnings (D)
  3 ballistomycete spores (D)
  30 tentacles (D)
42 creatures vanquished.

Grand Total: 524 creatures vanquished

Notes
Turn   | Place    | Note
-------+----------+-------------------------------------------
     0 | D        | Prakerore the Mountain Dwarf Fighter began the quest for
                  | the Orb.
     0 | D        | Reached XP level 1. HP: 19/19 MP: 1/1
    63 | D        | Reached XP level 2. HP: 20/26 MP: 2/2
    69 | D        | Reached XP level 3. HP: 25/31 MP: 3/3
    76 | D        | Noticed a water elemental
    81 | D        | Killed a water elemental
    82 | D        | Reached skill level 1 in Dodging
    82 | D        | Reached skill level 5 in Fighting
    82 | D        | Reached XP level 4. HP: 44/44 MP: 4/4
   120 | D        | Found a radiant altar of Vehumet.
   133 | D        | Reached XP level 5. HP: 35/50 MP: 5/5
   133 | D        | Found a shimmering blue altar of Sif Muna.
   133 | D        | Found an ancient bone altar of Kikubaaqudgha.
   141 | D        | Reached skill level 10 in Maces & Flails
   173 | D        | Found a glowing silver altar of Zin.
   173 | D        | Found a glowing golden altar of the Shining One.
   173 | D        | Found a white marble altar of Elyvilon.
   173 | D        | Noticed a deep elf pyromancer
   182 | D        | Killed a deep elf pyromancer
   183 | D        | Reached skill level 10 in Fighting
   183 | D        | Reached skill level 5 in Shields
   183 | D        | Reached skill level 5 in Dodging
   183 | D        | Reached XP level 6. HP: 52/68 MP: 6/6
   183 | D        | Reached XP level 7. HP: 56/74 MP: 7/7
   186 | D        | Became a worshipper of Elyvilon the Healer
   192 | D        | Found a hide-covered altar of Uskayaw.
   192 | D        | Found a roughly hewn altar of Beogh.
   192 | D        | Found an iron altar of Okawaru.
   192 | D        | Found a bloodstained altar of Trog.
   192 | D        | Found an ornate altar of the Wu Jian Council.
   192 | D        | Noticed a human
   192 | D        | Noticed a human
   204 | D        | Killed a human
   204 | D        | Killed a human
   416 | D        | Fell from the grace of Elyvilon
   416 | D        | Became a worshipper of Warmaster Okawaru
   422 | D        | Found a basalt altar of Yredelemnul.
   422 | D        | Found a shadowy altar of Dithmenos.
   422 | D        | Found a sacrificial altar of Ru.
   531 | D        | Noticed a shadow
   539 | D        | Killed a shadow
   540 | D        | Reached XP level 8. HP: 85/89 MP: 8/8
   550 | D        | Found a blossoming altar of Fedhas.
   550 | D        | Found a stormy altar of Qazlal.
   551 | D        | Found a snail-covered altar of Cheibriados.
   551 | D        | Found a burning altar of Makhleb.
   551 | D        | Found a hazy altar of Hepliaklqana.
   551 | D        | Found a shimmering altar of Xom.
   551 | D        | Found an opulent altar of Gozag.
   551 | D        | Found a sparkling altar of Nemelex Xobeh.
   551 | D        | Found a corrupted altar of Lugonu.
   551 | D        | Found a viscous altar of Jiyva.
   598 | D        | Reached * piety under Okawaru
   600 | D        | Reached skill level 5 in Evocations
   639 | D        | Noticed an orc sorcerer
   642 | D        | Killed an orc sorcerer
   744 | D        | Noticed an orc high priest
   747 | D        | Noticed a hellwing
   749 | D        | Killed an orc high priest
   749 | D        | Reached ** piety under Okawaru
   749 | D        | Reached *** piety under Okawaru
   750 | D        | Reached XP level 9. HP: 95/95 MP: 9/9
   888 | D        | Noticed an orc high priest
   894 | D        | Noticed a red devil
   897 | D        | Killed an orc high priest
   938 | D        | Reached **** piety under Okawaru
   954 | D        | Found Qymuetza's Armour Shop.
   969 | D        | Bought the +5 chain mail of Duty {rN++ Will+ Stlth+} for
                  | 554 gold pieces
   969 | D        | Bought a +2 helmet of see invisible for 215 gold pieces
   969 | D        | Bought a +2 pair of boots of rampaging for 215 gold pieces
  1005 | D        | Noticed a two-headed ogre
  1010 | D        | Killed a two-headed ogre
  1011 | D        | Reached skill level 5 in Invocations
  1011 | D        | Noticed Erolcha
  1013 | D        | Killed Erolcha
  1013 | D        | Reached ***** piety under Okawaru
  1013 | D        | Noticed a two-headed ogre
  1014 | D        | Reached XP level 10. HP: 101/103 MP: 9/17
  1018 | D        | Reached skill level 10 in Invocations
  1120 | D        | Received a gift from Okawaru
  1430 | D        | Noticed a cane toad
  1430 | D        | Noticed a cane toad
  1433 | D        | Killed a cane toad
  1433 | D        | Killed a cane toad
  1727 | D        | Noticed Duvessa
  1729 | D        | Noticed Dowan
  1742 | D        | Killed Duvessa
  1745 | D        | Killed Dowan
  1746 | D        | Reached skill level 15 in Fighting
  1746 | D        | Reached skill level 15 in Maces & Flails
  1850 | D        | Noticed a smoke demon
  1970 | D        | Received a gift from Okawaru
  1971 | D        | Reached XP level 11. HP: 98/112 MP: 20/20
  1973 | D        | Reached skill level 1 in Throwing
  2142 | D        | Reached skill level 15 in Evocations
  2213 | D        | Noticed a dire elephant
  2261 | D        | Reached skill level 10 in Armour
  2261 | D        | Killed a dire elephant
  2277 | D        | Noticed Gastronok
  2285 | D        | Killed Gastronok
  2285 | D        | Received a gift from Okawaru
  2296 | D        | Noticed an azure jelly
  2307 | D        | Noticed a dire elephant
  2311 | D        | Killed a dire elephant
  2317 | D        | Noticed Rupert
  2324 | D        | Killed Rupert
  2397 | D        | Killed a death drake
  2413 | D        | Noticed a death yak
  2413 | D        | Noticed a death yak
  2434 | D        | Killed a death yak
  2434 | D        | Received a gift from Okawaru
  2434 | D        | Reached ****** piety under Okawaru
  2435 | D        | Acquired the +10 great mace of Prakerore's Valour {heavy,
                  | ^Drain rPois Int+3 Dex+2}
  2435 | D        | Received a gift from Okawaru
  2436 | D        | Acquired the scarf of the Snail {+Inv, rElec}
  2436 | D        | Received a gift from Okawaru
  2528 | D        | Noticed a death yak
  2530 | D        | Noticed a death yak
  2543 | D        | Killed a death yak
  2549 | D        | Killed a death yak
  2550 | D        | Reached XP level 12. HP: 80/122 MP: 21/21
  2552 | D        | Killed a death yak
  2656 | D        | Noticed an azure jelly
  2850 | D        | Received a gift from Okawaru
  2881 | D        | Noticed Urug
  2884 | D        | Killed Urug
  2904 | D        | Noticed a five-headed hydra
  2914 | D        | Killed a five-headed hydra
  2918 | D        | Noticed an eight-headed hydra
  2920 | D        | Killed an eight-headed hydra
  3013 | D        | Found a blossoming altar of Fedhas.
  3354 | D        | Identified the +8 chain mail of Qoluzu {Rampage rPois}
  3359 | D        | Got the Almanac of Arctic Electrocution
  3508 | D        | Noticed a kraken
  3650 | D        | Killed a kraken
  3650 | D        | Received a gift from Okawaru
  3791 | D        | Noticed an alligator snapping turtle
  3791 | D        | Noticed an alligator snapping turtle
  4078 | D        | Noticed an azure jelly
  4078 | D        | Noticed an azure jelly
  4122 | D        | Noticed a fire dragon
  4161 | D        | Killed a fire dragon
  4202 | D        | Noticed a fire dragon
  4228 | D        | Killed a fire dragon
  4295 | D        | Found Heovvely's Book Shoppe.
  4295 | D        | Found Omno's Magic Scroll Boutique.
  4295 | D        | Found Cuckuxt Ysku's Antique Weapon Emporium.
  4304 | D        | Bought a scroll of poison for 56 gold pieces
  4304 | D        | Bought a scroll of vulnerability for 56 gold pieces
  4304 | D        | Bought a scroll of revelation for 105 gold pieces
  4304 | D        | Bought a scroll of immolation for 56 gold pieces
  4304 | D        | Bought a scroll of fog for 56 gold pieces
  4304 | D        | Found the +10 dark maul {heavy}
  4304 | D        | Noticed a Brimstone Fiend
  4305 | D        | Noticed Mennas
  4339 | D        | Noticed a four-headed hydra
  4339 | D        | Noticed Xtahua
  4342 | D        | Killed a four-headed hydra
  4346 | D        | Killed Xtahua
  4346 | D        | Received a gift from Okawaru
  4347 | D        | Reached XP level 13. HP: 24/137 MP: 22/22
  4362 | D        | Got a decaying rune of Zot
  5633 | D        | Received a gift from Okawaru
  5882 | D        | Noticed a ghost moth
  5894 | D        | Killed a ghost moth
  6540 | D        | Found Hymofiy's Distillery.
  6540 | D        | Found Neer's Antique Weapon Shop.
  6540 | D        | Found Feotonib's Book Emporium.
  6549 | D        | Got a barnacled rune of Zot
  6555 | D        | Bought a potion of ambrosia for 112 gold pieces
  6555 | D        | Bought a potion of might for 56 gold pieces
  6555 | D        | Bought a potion of lignification for 42 gold pieces
  6555 | D        | Bought a potion of haste for 140 gold pieces
  6555 | D        | Bought a potion of heal wounds for 70 gold pieces
  6555 | D        | Bought a potion of degeneration for 14 gold pieces
  6557 | D        | Bought a dazzling sling for 188 gold pieces
  6557 | D        | Identified the +12 sling "Qomollije" {heavy, Will++} (You
                  | bought it in a shop in the Dungeon)
  6695 | D        | Found Voekkut's Distillery.
  6695 | D        | Found Xeikhlaff's Jewellery Shop.
  6695 | D        | Found Dagun's Antique Armour Boutique.
  6695 | D        | Found Aqint's Antique Armour Shoppe.
  6695 | D        | Found Xops's General Store.
  6695 | D        | Found Cyimebla's Book Emporium.
  6695 | D        | Found Ycuiqomp's Antique Weapon Shoppe.
  6695 | D        | Found Jaewin's Weapon Shop.
  6695 | D        | Found Awyqyu's Magic Scroll Shop.
  6695 | D        | Found Hupon's Magic Scroll Emporium.
  6695 | D        | Found Giuzi's General Store.
  6705 | D        | Bought a book of Cantrips for 192 gold pieces
  6707 | D        | Learned a level 1 spell: Apportation
  6756 | D        | Bought a scroll of acquirement for 520 gold pieces
  6756 | D        | Acquired 606 gold pieces
  6760 | D        | Bought a scorched plate armour for 756 gold pieces
  6760 | D        | Identified the +3 plate armour "Xutunit" {+Blink +Inv
                  | Regen+ Int-5} (You bought it in a shop in the Dungeon)
  6773 | D        | Bought the +2 hat of the Bear Spirit {Spirit, Bear, *Rage
                  | Will++} for 698 gold pieces
  6773 | D        | Found the +2 hat of the Bear Spirit {Spirit, Bear, *Rage
                  | Will++}
  6786 | D        | Bought a scroll of blinking for 75 gold pieces
  6903 | D        | Received a gift from Okawaru
  6904 | D        | Reached skill level 1 in Translocations
  6908 | D        | Noticed a fire dragon
  6914 | D        | Killed a fire dragon
  6982 | D        | Reached skill level 1 in Ranged Weapons
  7142 | D        | Reached skill level 5 in Ranged Weapons
  7260 | D        | Noticed Chuck
  7501 | D        | Noticed Mara
  7716 | D        | Noticed a vampire knight
  7746 | D        | Killed a vampire knight
  7746 | D        | Received a gift from Okawaru
  7747 | D        | Reached skill level 10 in Ranged Weapons
  7752 | D        | Noticed Prakerore's illusion
  7752 | D        | Killed Mara
  7753 | D        | Reached XP level 14. HP: 67/151 MP: 10/23
  7833 | D        | Noticed a vampire knight
  7838 | D        | Killed a vampire knight
  7970 | D        | Noticed a storm dragon
  7971 | D        | Noticed Nikola
  7980 | D        | Killed a storm dragon
  8001 | D        | Killed Nikola
  8144 | D        | Found Uthyeram's Armour Shoppe.
  8144 | D        | Found Uhaviaff's Distillery.
  8145 | D        | Found Ohai's Distillery.
  8145 | D        | Found Veaf's Armour Emporium.
  8217 | D        | Received a gift from Okawaru
  8364 | D        | Noticed Roxanne
  8371 | D        | Found Gulaing's Armour Boutique.
  8507 | D        | Reached skill level 1 in Shapeshifting
  8591 | D        | Killed Roxanne
  8859 | D        | Reached skill level 5 in Shapeshifting
  9322 | D        | Noticed a Tzitzimitl
  9544 | D        | Noticed a deep elf master archer
  9562 | D        | Noticed an Ice Fiend
  9749 | D        | Identified the +0 long sword of Xorit {flame, rElec rC-
                  | Int+5 Dex+2}
 10387 | D        | Killed Chuck
 10387 | D        | Received a gift from Okawaru
 10399 | D        | Noticed Sojobo
 10420 | D        | Killed Sojobo
 10421 | D        | Reached skill level 10 in Shapeshifting
 10477 | D        | Identified the +3 orcbow "Xytaq" {freeze, rElec rF+ Str+3
                  | Int-4}
 10517 | D        | Noticed a lich
 10525 | D        | Killed a lich
 10567 | D        | Noticed a shadow dragon
 10567 | D        | Noticed a shadow dragon
 10692 | D        | Killed a shadow dragon
 10881 | D        | Killed a shadow dragon
 10980 | D        | Noticed a frost giant
 11040 | D        | Received a gift from Okawaru
 11046 | D        | Killed a frost giant
 11246 | D        | Reached XP level 15. HP: 160/160 MP: 24/24
 11320 | D        | Noticed a shadow dragon
 11322 | D        | Noticed a frost giant
 11325 | D        | Killed a shadow dragon
 11326 | D        | Reached skill level 15 in Shapeshifting
 11328 | D        | Killed a frost giant
 11355 | D        | Noticed a shadow dragon
 11360 | D        | Killed a shadow dragon
 11360 | D        | Received a gift from Okawaru
 11526 | D        | Noticed a frost giant
 11533 | D        | Killed a frost giant
 11645 | D        | Reached skill level 10 in Shields
 11648 | D        | Noticed a titan
 11649 | D        | Identified the ring of Hedonism {*Corrode rPois EV+5 Int+10
                  | Dex-3}
 11676 | D        | Killed a titan
 11768 | D        | Noticed a golden dragon
 11773 | D        | Killed a golden dragon
 11827 | D        | Reached skill level 15 in Shields
 11874 | D        | Received a gift from Okawaru
 12000 | D        | Bought a potion of resistance for 130 gold pieces
 12176 | D        | Got a silver rune of Zot
 12179 | D        | Got the Tome of Power
 12183 | D        | Got the Atlas of the Peculiar Stories
 12189 | D        | Acquired 624 gold pieces
 12434 | D        | Bought a book of Spatial Translocations for 216 gold pieces
 12437 | D        | Learned a level 2 spell: Blink
 12440 | D        | Learned a level 2 spell: Lesser Beckoning
 12549 | D        | Bought a scarf of resistance for 320 gold pieces
 12692 | D        | Reached skill level 5 in Translocations
 13033 | D        | Reached skill level 10 in Throwing
 13088 | D        | Noticed a lich
 13101 | D        | Killed a lich
 13351 | D        | Noticed a sphinx
 13351 | D        | Noticed a sphinx
 13363 | D        | Killed a sphinx
 13368 | D        | Killed a sphinx
 13368 | D        | Received a gift from Okawaru
 14131 | D        | Received a gift from Okawaru
 14134 | D        | Noticed a royal mummy
 14134 | D        | Identified the +1 robe of the First Snow {rN+ Stlth+}
 14134 | D        | Identified the +3 halberd of the Kissing Messenger {flame,
                  | Will- Str+3 Int+3}
 14134 | D        | Noticed a royal mummy
 14140 | D        | Killed a royal mummy
 14141 | D        | Reached XP level 16. HP: 169/169 MP: 16/25
 14159 | D        | Killed a royal mummy
 14373 | D        | Got a golden rune of Zot
 14382 | D        | Got the Papyrus of Impurities and the Volcano
 14384 | D        | Acquired 778 gold pieces
 14385 | D        | Acquired a manual of Dodging
 14386 | D        | Acquired the amulet "Hetiur" {Faith rC++ Str-3 Dex+5}
 14387 | D        | Acquired the ring of Umoeg {rPois rF+ rCorr Dex+2 SInv}
 14392 | D        | Acquired 712 gold pieces
 14528 | D        | Bought a potion of haste for 120 gold pieces
 14528 | D        | Bought a potion of haste for 120 gold pieces
 14558 | D        | Bought a potion of haste for 140 gold pieces
 14558 | D        | Bought a potion of haste for 140 gold pieces
 14588 | D        | Bought a scroll of blinking for 90 gold pieces
 14590 | D        | Bought a potion of berserk rage for 60 gold pieces
 14789 | D        | Noticed Azrael
 14792 | D        | Killed Azrael
 14793 | D        | Reached skill level 10 in Dodging
 14795 | D        | Acquired 515 gold pieces
 14965 | D        | Killed a deep elf master archer
 14990 | D        | Identified the ring "Bapog" {rN++ rCorr Str-2 Dex+6 Slay+6}
 14990 | D        | Identified the staff "Prakerore's Regret" {*Corrode rPois
                  | Str+7 Int+3 Necro Alchemy}
 15120 | D        | Received a gift from Okawaru
 15121 | D        | Reached skill level 15 in Invocations
 15339 | D        | Noticed an Executioner
 15343 | D        | Killed an Executioner
 15395 | D        | Noticed Nessos
 15405 | D        | Killed Nessos
 15438 | D        | Gained mutation: You are vulnerable to heat. (rF-) [a
                  | shining eye]
 15440 | D        | Lost mutation: You are vulnerable to heat. (rF-) [potion of
                  | mutation]
 15440 | D        | Gained mutation: You occasionally lose the ability to read
                  | scrolls when taking damage. [potion of mutation]
 15440 | D        | Gained mutation: You have a pair of small horns on your
                  | head. [potion of mutation]
 15441 | D        | Received a gift from Okawaru
 15454 | D        | Noticed a deep elf blademaster
 15457 | D        | Noticed a deep elf blademaster
 15463 | D        | Killed a deep elf blademaster
 15467 | D        | Noticed a deep elf blademaster
 15468 | D        | Noticed a deep elf blademaster
 15486 | D        | Killed a deep elf blademaster
 15488 | D        | Killed a deep elf blademaster
 15495 | D        | Killed a deep elf blademaster
 16002 | D        | Bought a potion of mutation for 112 gold pieces
 16019 | D        | Lost mutation: You have a pair of small horns on your head.
                  | [potion of mutation]
 16019 | D        | Lost mutation: You occasionally lose the ability to read
                  | scrolls when taking damage. [potion of mutation]
 16019 | D        | Gained mutation: You are partially covered in iridescent
                  | scales. (AC +2) [potion of mutation]
 16019 | D        | Gained mutation: You expend magic power (3 MP) to
                  | strengthen your wands. [potion of mutation]
 16019 | D        | Gained mutation: You have hidden genetic potential. [potion
                  | of mutation]
 16019 | D        | Gained mutation: You have a beak for a mouth. [potion of
                  | mutation]
 16052 | D        | Noticed a Killer Klown
 16070 | D        | Killed a Killer Klown
 16103 | D        | Noticed an Orb Guardian
 16103 | D        | Noticed an Orb Guardian
 16109 | D        | Killed an Orb Guardian
 16111 | D        | Received a gift from Okawaru
 16118 | D        | Killed an Orb Guardian
 16258 | D        | Noticed an ancient lich
 16268 | D        | Killed an ancient lich
 16364 | D        | Noticed an electric golem
 16381 | D        | Killed an electric golem
 16384 | D        | Received a gift from Okawaru
 16598 | D        | Killed Mennas
 16599 | D        | Reached XP level 17. HP: 188/188 MP: 9/31
 16625 | D        | Identified the +3 robe of Atheism {+Blink rF+}
 16625 | D        | Noticed Boris
 17194 | D        | Killed Boris
 17194 | D        | Received a gift from Okawaru
 17234 | D        | Bought a scroll of enchant weapon for 90 gold pieces
 17234 | D        | Bought a scroll of enchant weapon for 90 gold pieces
 17389 | D        | Noticed Geryon
 17411 | D        | Killed Geryon
 17492 | D        | Noticed the Serpent of Hell
 17507 | D        | Killed the Serpent of Hell
 17521 | D        | Killed a Brimstone Fiend
 17521 | D        | Received a gift from Okawaru
 17753 | D        | Reached skill level 15 in Throwing
 17802 | D        | Got an obsidian rune of Zot
 17812 | D        | Identified the staff of the Hero {rElec rF+++ Int+2 Dex-5
                  | Fire Air}
 17854 | D        | Noticed an Ice Fiend
 17855 | D        | Killed an Ice Fiend
 17903 | D        | Noticed Antaeus
 17929 | D        | Killed Antaeus
 17930 | D        | Reached skill level 27 in Shields
 17932 | D        | Reached skill level 27 in Fighting
 17935 | D        | Got an icy rune of Zot
 17938 | D        | Gained mutation: You are mostly covered in iridescent
                  | scales. (AC +4) [hidden potential]
 18042 | D        | Noticed an Ice Fiend
 18046 | D        | Killed an Ice Fiend
 18089 | D        | Noticed an Ice Fiend
 18096 | D        | Killed an Ice Fiend
 18096 | D        | Received a gift from Okawaru
 18153 | D        | Noticed an Ice Fiend
 18157 | D        | Killed an Ice Fiend
 18158 | D        | Reached skill level 27 in Evocations
 18162 | D        | Got the Compendium of the Sun and Graupel
 18166 | D        | Noticed an Ice Fiend
 18170 | D        | Killed an Ice Fiend
 18172 | D        | Identified the ring "Qoan" {Fire rN+ Int+4 Dex-4}
 18244 | D        | Noticed a royal mummy
 18246 | D        | Noticed a royal mummy
 18249 | D        | Killed a royal mummy
 18252 | D        | Killed a royal mummy
 18253 | D        | Reached skill level 15 in Dodging
 18354 | D        | Noticed Gloorx Vloq
 18363 | D        | Killed Gloorx Vloq
 18363 | D        | Received a gift from Okawaru
 18454 | D        | Noticed an Orb Guardian
 18454 | D        | Noticed an Orb Guardian
 18463 | D        | Noticed an Orb Guardian
 18506 | D        | Noticed Ereshkigal
 18511 | D        | Noticed a royal mummy
 18515 | D        | Noticed a Tzitzimitl
 18515 | D        | Noticed a Tzitzimitl
 18547 | D        | Killed Ereshkigal
 18547 | D        | Received a gift from Okawaru
 18699 | D        | Noticed a royal mummy
 18706 | D        | Killed a royal mummy
 18707 | D        | Reached XP level 18. HP: 200/200 MP: 30/32
 18788 | D        | Killed a royal mummy
 18867 | D        | Got a bone rune of Zot
 18893 | D        | Noticed an iron giant
 18900 | D        | Killed an iron giant
 19020 | D        | Noticed a Hell Sentinel
 19024 | D        | Noticed Dispater
 19025 | D        | Noticed a Hell Sentinel
 19026 | D        | Noticed a Hell Sentinel
 19051 | D        | Noticed a Hell Sentinel
 19054 | D        | Killed Dispater
 19054 | D        | Received a gift from Okawaru
 19058 | D        | Killed a Hell Sentinel
 19262 | D        | Noticed a Hell Sentinel
 19265 | D        | Killed a Hell Sentinel
 19275 | D        | Got an iron rune of Zot
 19278 | D        | Identified the +5 mace of Fear {flame, rN+}
 19356 | D        | Noticed a Hell Sentinel
 19363 | D        | Killed a Hell Sentinel
 19398 | D        | Identified the +6 scale mail of the Carved Merwolf {Rampage
                  | Regen+ Str+7 Int-4}
 19814 | D        | Gained mutation: You are clumsy. (Dex -2) [a shining eye]
 19875 | D        | Found a viscous altar of Jiyva.
 19875 | D        | Noticed the Royal Jelly
 19896 | D        | Killed the Royal Jelly
 19915 | D        | Gained mutation: Your muscles are strong. (Str +4, Int/Dex
                  | -1) [hidden potential]
 19915 | D        | Lost mutation: You have hidden genetic potential. [hidden
                  | potential expressed]
 20059 | D        | Got a slimy rune of Zot
 20249 | D        | Found the +4 dragonskin cloak
 20249 | D        | Noticed Tiamat
 20262 | D        | Received a gift from Okawaru
 20296 | D        | Killed Tiamat
 20374 | D        | Noticed an orb of fire
 20385 | D        | Killed an orb of fire
 20390 | D        | Lost mutation: Your muscles are strong. (Str +4, Int/Dex
                  | -1) [mutagenic glow]
 20432 | D        | Gained mutation: Your body sometimes deteriorates upon
                  | taking damage. [mutagenic glow]
 20439 | D        | Gained mutation: You are dopey. (Int -2) [mutagenic glow]
 20447 | D        | Gained mutation: You occasionally shout uncontrollably at
                  | your foes. [mutagenic glow]
 20453 | D        | Got the Orb of Zot
 20459 | D        | Gained mutation: Your magical capacity is low. (-10% MP)
                  | [mutagenic glow]
 20471 | D        | Gained mutation: Your spells are a little easier to cast,
                  | but a little less powerful. [mutagenic glow]
 20481 | D        | Noticed Pimampy the pandemonium lord
 20503 | D        | Killed Pimampy the pandemonium lord
 20511 | D        | Noticed an Orb Guardian
 20517 | D        | Killed an Orb Guardian
 20530 | D        | Gained mutation: You are vulnerable to heat. (rF-)
                  | [mutagenic glow]
 20531 | D        | Lost mutation: You expend magic power (3 MP) to strengthen
                  | your wands. [potion of mutation]
 20531 | D        | Lost mutation: You occasionally shout uncontrollably at
                  | your foes. [potion of mutation]
 20531 | D        | Lost mutation: You are dopey. (Int -2) [potion of mutation]
 20531 | D        | Gained mutation: You are covered in fur. (AC +1) [potion of
                  | mutation]
 20532 | D        | Lost mutation: You are vulnerable to heat. (rF-) [potion of
                  | mutation]
 20532 | D        | Lost mutation: You have a beak for a mouth. [potion of
                  | mutation]
 20532 | D        | Lost mutation: You are clumsy. (Dex -2) [potion of
                  | mutation]
 20532 | D        | Gained mutation: You have hidden genetic potential. [potion
                  | of mutation]
 20695 | D        | Escaped with the Orb!

Illustrated notes

Levels and vault maps discovered:
D:        dungeon_sprint_mu [sprint_mu_entry_cave, sprint_mu_temple_rooms,
          sprint_mu_d1_spiders, sprint_mu_d2_genie, sprint_mu_d3_branching,
          sprint_mu_orc_legion, sprint_mu_elf_gauntlet, sprint_mu_hive_nellie,
          sprint_mu_lair_fedhas, sprint_mu_vaults_butterflies,
          sprint_mu_slime_circle, sprint_mu_swamp_cave, sprint_mu_shoals_kraken,
          sprint_mu_blade_basic, sprint_mu_crypt_fortress,
          sprint_mu_tomb_spiral, sprint_mu_vestibule_basic,
          sprint_mu_gehenna_hellfire, sprint_mu_dis_giant,
          sprint_mu_tartarus_statrot, sprint_mu_cocytus_islands, sprint_mu_zot1]

Skill      XL: |  1  2  3  4  5  6  7  8  9 10 11 12 13 14 15 16 17 18 |
---------------+-------------------------------------------------------+-----
Maces & Flails | 7 8 9 10 11 13 16 18 20 21 | 21.2
Dodging        | 2 5 6 7 12 17 21 | 21.2
Fighting       | 5 6 11 14 15 16 19 21 22 26 27 | 27.0
Shields        | 5 23 24 27 | 27.0
Evocations     | 12 14 15 19 21 22 25 27 | 27.0
Invocations    | 9 12 21 | 21.0
Armour         | 8 13 14 | 14.9
Throwing       | 6 11 16 | 16.0
Translocations | 3 5 |  5.0
Ranged Weapons | 12 | 12.0
Shapeshifting  | 14 16 19 24 | 24.7

Action                     |  1- 3 |  4- 6 |  7- 9 | 10-12 | 13-15 | 16-18 || total
---------------------------+-------+-------+-------+-------+-------+-------++-------
  Melee: Flail             |    24 |    22 |    85 |    56 |       |       ||   187
         Morningstar       |       |       |       |    59 |   158 |     7 ||   224
         Great mace        |       |       |       |    96 |   308 |       ||   404
         Demon whip        |       |       |       |       |       |   254 ||   254
         Peck              |       |       |       |       |       |   175 ||   175
         Headbutt          |       |       |       |       |       |     4 ||     4
         Sacred scourge    |       |       |       |       |       |   330 ||   330
         Broad axe         |       |       |       |       |       |    17 ||    17
   Fire: Longbow           |       |       |       |       |   147 |       ||   147
  Throw: Javelin           |       |       |       |     3 |    48 |    67 ||   118
         Dart              |       |       |       |       |     2 |       ||     2
   Cast: Apportation       |       |       |       |       |     7 |     1 ||     8
         Blink             |       |       |       |       |     6 |     4 ||    10
 Invoke: Heroism           |       |       |       |     1 |     8 |    11 ||    20
         Receive Weapon    |       |       |       |     1 |       |       ||     1
         Receive Armour    |       |       |       |     1 |       |       ||     1
         Finesse           |       |       |       |       |     5 |     8 ||    13
  Evoke: Lightning rod     |       |       |    12 |    42 |    22 |     7 ||    83
         Wand              |       |       |       |       |    10 |     3 ||    13
         Tin of tremorston |       |       |       |       |       |     5 ||     5
    Use: Potion            |     3 |     2 |       |     1 |     6 |    21 ||    33
         Scroll            |       |     3 |     1 |     3 |     5 |    24 ||    36
   Stab: Distracted        |       |       |     1 |     1 |       |     1 ||     3
 Armour: Scale mail        |    10 |     9 |    32 |    44 |    14 |       ||   109
         Chain mail        |       |       |     4 |   200 |   190 |       ||   394
         Plate armour      |       |       |       |       |   133 |       ||   133
         Fire dragon scale |       |       |       |       |     4 |       ||     4
         Storm dragon scal |       |       |       |       |    48 |       ||    48
         Skin              |       |       |       |       |   214 |   357 ||   571
  Dodge: Dodged            |     7 |     2 |    23 |    80 |   260 |   398 ||   770
  Block: Buckler           |     3 |     3 |     9 |    17 |       |       ||    32
         Tower shield      |       |       |       |       |   123 |   930 ||  1053
         Kite shield       |       |       |       |       |    88 |       ||    88
   Form: Statue            |       |       |       |       |     1 |       ||     1

Table legend: (Time is in decaauts) A = Elapsed time spent in this place. B = Non-inter-level travel time spent in this place. C = Inter-level travel time spent in this place. D = Time resting spent in this place. E = Time spent auto-exploring this place. F = Levels seen in this place. G = Mean time per level. A B C D E F G +--------+--------+--------+--------+--------+-----+--------+ Total | 25472 | 22495 | 2977 | 10870 | 4354 | 1 | 25472.0 | Dungeon | 25472 | 22495 | 2977 | 10870 | 4354 | 1 | 25472.0 | +--------+--------+--------+--------+--------+-----+--------+

Top non-repeatable levels by time:
       D: 25472 daAuts
